 Dungeon Crawl Stone Soup version 0.30-a0-242-g7bf8e6d787 (webtiles) character file.

Game seed: 17937066939140874330

15542 Sobieck the Fighter (level 12, -10/140 HPs)
             Began as an Ogre Gladiator on Oct 11, 2022.
             Was a High Priest of Okawaru.
             Mangled by Snorg (16 damage)
             ... on level 3 of the Lair of Beasts.
             The game lasted 00:32:38 (16206 turns).

Sobieck the Fighter (Ogre Gladiator)               Turns: 16206, Time: 00:32:38

Health: -10/140    AC: 11    Str: 25    XL:     12   Next: 28%
Magic:  15/16      EV: 16    Int:  9    God:    Okawaru [*****.]
Gold:   844        SH: 10    Dex: 10    Spells: 11/11 levels left

rFire   . . .      SeeInvis .    i - +5 flail (protect) {mace}
rCold   . . .      Faith    .    a - +0 kite shield
rNeg    . . .      Spirit   .    b - +0 robe
rPois   +          Reflect  .    c - +0 hat
rElec   .          Harm     .    L - +0 cloak
rCorr   .          Rampage  .    (gloves unavailable)
Will    +....                    (boots unavailable)
Stlth   +++.......               F - amulet of the acrobat
HPRegen 0.43/turn                v - ring of poison resistance
MPRegen 0.15/turn                e - +4 ring of evasion

@: mighty, heroic, under a protective aura
A: large, unfitting armour, tough skin 1
a: Renounce Religion, Heroism, Finesse, Duel


You were on level 3 of the Lair of Beasts.
You worshipped Okawaru.
Okawaru was extremely pleased with you.
You visited 3 branches of the dungeon, and saw 14 of its levels.

You collected 1118 gold pieces.
You spent 274 gold pieces at shops.


Innate Abilities, Weirdness & Mutations

You are too large for most types of armour.
You have tough skin. (AC +1)


   Skills:
 + Level 14.8(19.8) Fighting
 + Level 8.9(13.9) Maces & Flails
 + Level 10.1(15.1) Throwing
 - Level 5.0(10.0) Dodging
 + Level 5.2(10.2) Shields
 - Level 6.0 Invocations


You had 11 spell levels left.
You didn't know any spells.
Your spell library contained the following spells:

 Spells                   Type           Power      Damage    Failure   Level
 Sublimation of Blood     Necr           0%         N/A       75%         2
 Wereblood                Tmut           0%         N/A       75%         2
 Gell's Gravitas          Tloc           0%         N/A       92%         3
 Teleport Other           Tloc           0%         N/A       92%         3
 Olgreb's Toxic Radiance  Pois           0%         N/A       100%        4
 Blade Hands              Tmut           0%         N/A       100%        5
 Dispersal                Tloc           0%         N/A       100%        6
 Iron Shot                Conj/Erth      0%         9d1       100%        6
 Ozocubu's Refrigeration  Ice            0%         4d7       100%        7
 Ignition                 Fire           0%         3d3       100%        8
 Summon Small Mammal      Summ           Unusable   N/A       N/A         1
 Call Canine Familiar     Summ           Unusable   N/A       N/A         3
 Summon Guardian Golem    Hex/Summ       Unusable   N/A       N/A         3
 Animate Armour           Summ/Erth      Unusable   N/A       N/A         4
 Summon Hydra             Summ           Unusable   N/A       N/A         7

Inventory:

Hand Weapons
 i - a +5 flail of protection (weapon) {mace}
   (You took it off an orc warrior on level 7 of the Dungeon)
 r - a +2 whip of flaming {mace}
   (You bought it in a shop on level 2 of the Dungeon)
 y - the +4 giant club of Yphar {protect, SInv Stlth+, mace}
   (Okawaru gifted it to you on level 3 of the Lair of Beasts)

   It grants its wielder temporary protection when it strikes (+7 to AC).
   SInv:      It lets you see invisible.
   Stlth:     It makes you more stealthy.
 A - a +0 flail {mace}
 D - a +0 dagger of venom {short}
   (You took it off a goblin on level 3 of the Dungeon)
 E - a +1 vorpal morningstar {mace}
   (You took it off Terence on level 3 of the Dungeon)
Missiles
 d - 4 throwing nets {=f!fthrowing}
 k - 122 stones {throwing}
 l - 23 poisoned darts {throwing}
 p - 3 javelins {throwing}
 w - a curare-tipped dart {=fthrowing}
 S - 3 boomerangs (quivered) {throwing}
Armour
 a - a +0 kite shield (worn)
   (You took it off an orc warrior on level 7 of the Dungeon)
 b - a +0 robe (worn)
 c - a +0 hat (worn)
 L - a +0 cloak (worn)
   (You found it on level 5 of the Dungeon)
Jewellery
 e - a +4 ring of evasion (right hand)
   (You found it on level 3 of the Dungeon)
 n - a ring of protection from fire
   (You found it on level 1 of the Dungeon)
 v - a ring of poison resistance (left hand)
   (You found it on level 4 of the Dungeon)
 F - an amulet of the acrobat (around neck)
   (You found it on level 3 of the Dungeon)
 P - a ring of fire
   (You found it on level 6 of the Dungeon)
 U - an amulet of guardian spirit
   (You found it on level 7 of the Dungeon)
 V - a ring of magical power
   (You found it on level 8 of the Dungeon)
 X - a ring of protection from cold
   (You found it on level 7 of the Dungeon)
Wands
 u - a wand of paralysis (6)
   (You found it on level 1 of the Lair of Beasts)
 O - a wand of digging (5)
   (You found it on level 3 of the Lair of Beasts)
 R - a wand of roots (5)
   (You found it on level 3 of the Lair of Beasts)
 T - a wand of polymorph (7)
   (You found it on level 3 of the Lair of Beasts)
Scrolls
 g - 2 scrolls of fear
 h - 2 scrolls of immolation {!r!r}
 o - 3 scrolls of vulnerability {!r!r}
 t - 2 scrolls of enchant weapon
 C - 4 scrolls of torment {!r}
 G - 3 scrolls of poison
 J - a scroll of fog
 K - 2 scrolls of magic mapping {!r}
 M - 4 scrolls of teleportation {@r4}
 Y - 2 scrolls of enchant armour
Potions
 f - a potion of ambrosia
 j - 7 potions of curing {@q1}
 m - a potion of magic
 q - 5 potions of brilliance
 s - a potion of haste {@q3}
 x - 3 potions of attraction {!q}
 z - a potion of heal wounds {@q2}
 B - a potion of mutation {!q}
 H - a potion of degeneration {unknown}
 I - 2 potions of might
 N - a potion of flight {unknown}
 Q - 2 potions of lignification {!q}

Dungeon Overview and Level Annotations

Branches:
Dungeon (10/15) Zot: 26330  Temple (1/1) D:4 Zot: 5785    Lair (3/5) D:8 Zot: 13983
 Shoals (0/4) Lair:3        Snake (0/4) Lair:3
    Orc: D:9-12

Altars:
Ashenzari
Cheibriados
Elyvilon
Fedhas
Gozag
Hepliaklqana
Makhleb
Nemelex Xobeh
Okawaru
Qazlal
Sif Muna
Trog
Vehumet
Wu Jian
Xom
Yredelemnul
Zin

Shops:
D:2 ?[(*!   D:10 *

Annotations:
D:9 exclusions: electric eel and 1 more exclusion
Lair:3 Snorg

###### #...#########...
##...#.## ##...#
###...#.###.....
##.##....8.......
#...#........#... #..
##...###.<.#.#... #...
###.........#.....
#....##.#...............
.......@#...............
......T......P###.#.....
..............# ###.....
.............######.....
.((...........##.##.....
#......#.##.##..........
#.....#####.##..........
##.... ###...........
#.... ##..........


You could see Snorg (berserk, very poisoned).


Message History

Found an escape hatch in the ceiling.
Found a stone staircase leading up.
Unknown command.
k - 122 stones {throwing} (gained 5)
You now have 812 gold pieces (gained 30).
z - a potion of heal wounds {@q2} Unknown command.
You now have enough gold to buy the +10 dagger of the Lonely Stories {elec, Fly Str+5} on D:2.
You can access your shopping list by pressing '$'.
You now have 837 gold pieces (gained 25).
Unknown command.
Found a stone staircase leading down.
Unknown command.
A cane toad comes into view.
Danger!
The cane toad gives a loud, deep croak!
The cane toad misses you. You block the cane toad's attack.
You bludgeon the cane toad!!
Your weapon exudes an aura of protection.
You block the cane toad's attack.
You barely miss the cane toad. You block the cane toad's attack.
You hit the cane toad. The cane toad stings you.
You sock the cane toad! The cane toad stings you.
You block the cane toad's attack.
You hit the cane toad.
You kill the cane toad!
Okawaru accepts your kill.
No target in view!
You see here a +0 mace {mace}.
There is an escape hatch in the ceiling here.
You now have 844 gold pieces (gained 7).
Snorg the Insatiable comes into view.
Snorg shouts!
Danger!
You throw a poisoned dart {throwing}.
The poisoned dart {throwing} barely misses Snorg.
You throw a poisoned dart {throwing}.
The poisoned dart {throwing} hits Snorg!
Snorg is poisoned.
You throw a poisoned dart {throwing}.
The poisoned dart {throwing} hits Snorg.
Snorg looks as sick as possible!
You throw a boomerang {throwing}. The boomerang {throwing} hits Snorg!
You throw a boomerang {throwing}.
The boomerang {throwing} barely misses Snorg.
Snorg goes berserk!
You throw a boomerang {throwing}. The boomerang {throwing} hits Snorg.
Unknown command.
Unknown command.
Okay, then.
You gain the combat prowess of a mighty hero.
Snorg bites you! Snorg completely misses you. You block Snorg's attack.
Unknown command.
Unknown command.
Okay, then.
You feel very mighty all of a sudden. Snorg completely misses you.
You block Snorg's attack. Snorg closely misses you. You block Snorg's attack.
Snorg misses you. Snorg claws you!
Unknown command.
Unknown command.
You bludgeon Snorg!!
Your weapon exudes an aura of protection.
Snorg closely misses you. Snorg completely misses you. Snorg misses you.
Unknown command.
You thump Snorg! Snorg bites you! Snorg claws you! You block Snorg's attack.
Unknown command.
You bludgeon Snorg!! Snorg bites you!!
* * * LOW HITPOINT WARNING * * *
Snorg closely misses you. Snorg claws you!
* * * LOW HITPOINT WARNING * * *
Unknown command.
You barely miss Snorg. You block Snorg's attack. Snorg misses you.
You block Snorg's attack.
Unknown command.
You completely miss Snorg. Snorg bites you but does no damage.
You block Snorg's attack. x2; Snorg bites you but does no damage.
Snorg completely misses you. Snorg claws you.
* * * LOW HITPOINT WARNING * * *
Unknown command.
You barely miss Snorg. You block Snorg's attack. Snorg closely misses you.
You block Snorg's attack.
Unknown command.
You closely miss Snorg.
You block Snorg's attack. x2; Snorg claws you!
* * * LOW HITPOINT WARNING * * *
Unknown command.
You thump Snorg! Snorg closely misses you. You block Snorg's attack.
Snorg closely misses you.
Unknown command.
You closely miss Snorg. You block Snorg's attack. Snorg claws you!
* * * LOW HITPOINT WARNING * * *
Snorg barely misses you.
Unknown command.
You barely miss Snorg. Snorg closely misses you. Snorg misses you.
Snorg claws you!
* * * LOW HITPOINT WARNING * * *
Snorg bites you but does no damage. You block Snorg's attack. Snorg claws you!
* * * LOW HITPOINT WARNING * * *
Unknown command.
You bludgeon Snorg!! Snorg bites you!
You die...

Skill      XL: |  1  2  3  4  5  6  7  8  9 10 11 12 |
---------------+-------------------------------------+-----
Maces & Flails | 3 4 5 6 7 8 |  8.9
Fighting       | 4 5 6 9 12 13 14 | 14.8
Throwing       | 3 4 6 7 8 9 10 | 10.1
Dodging        | 3 5 |  5.0
Invocations    | 1 5 6 |  6.0
Shields        | 4 5 |  5.2

Action                   |  1- 3 |  4- 6 |  7- 9 | 10-12 || total
-------------------------+-------+-------+-------+-------++-------
Melee: Flail             |   121 |   133 |   367 |   481 ||  1102
       Punch             |     1 |     1 |     1 |       ||     3
       Whip              |       |    67 |    25 |       ||    92
       Morningstar       |       |    20 |       |       ||    20
Throw: Stone             |     8 |     2 |       |     3 ||    13
       Dart              |     7 |     8 |       |    35 ||    50
       Large rock        |       |     1 |       |       ||     1
       Boomerang         |       |       |       |    35 ||    35
       Javelin           |       |       |       |     2 ||     2
Invok: Heroism           |       |       |     1 |     7 ||     8
       Finesse           |       |       |       |     1 ||     1
  Use: Scroll            |       |    14 |     9 |       ||    23
       Potion            |       |     2 |     3 |     7 ||    12
 Stab: Invisible         |       |       |     2 |       ||     2
Armor: Robe              |    30 |    49 |   132 |   141 ||   352
Dodge: Dodged            |    75 |   176 |   320 |   372 ||   943
Block: Kite shield       |       |       |   149 |   221 ||   370

Levels and vault maps discovered:
D:1:      dpeg_arrival_ratfight, layout_basic
D:2:      layout_rooms, serial_shops, shop, nicolae_shop_statue_plus,
          nicolae_shop_hallway_stairs, nicolae_diamond_shop,
          nicolae_lakefront_shop, uniq_jessica, uniq_natasha, uniq_sigmund
D:3:      layout_basic, trog_wizard, nicolae_qazlal_style_of_elements,
          uniq_terence
D:4:      minmay_goblin_kobold_castle, layout_cave_pools,
          minmay_temple_entry_hall, serial_park, serial_park_paths
          [serial_park_minivault_5x5_1], serial_park_tiny_1, serial_park_square1
          [serial_park_minivault_5x5_8], serial_park_tiny_pond
D:5:      layout_rooms, lemuel_tele_altar
D:6:      layout_loops_ring, nicolae_eternal_life, kennysheep_generic_room_4
D:7:      layout_basic, mainiacjoe_overflow_cross_hatched,
          beargit_hepliaklqana_dungeon_heroes, kennysheep_pointless_box,
          chequers_serial_rivers_small_3, chequers_garden
D:8:      layout_cave_pools, mainiacjoe_overflow_catwalk, led_xom_imps,
          mainiacjoe_overflow_large_starburst, grunt_lair_entry_orc_guard_hut,
          kennysheep_flooded_box
D:9:      layout_loops_ring, nicolae_overflow_hidden_temple,
          mainiacjoe_overflow_tiny_flanked, nicolae_lava_and_water
D:10:     minmay_curly_fans, layout_basic, mainiacjoe_overflow_big_doors,
          minivault_20, minmay_shop_damaged, minivault_7
Temple:   hellmonk_temple_rainy
Lair:1:   layout_hall_layers, lemuel_fruit_fields, grunt_megastairs_2
Lair:2:   layout_chaotic_city, infiniplex_staircase_pool_2
Lair:3:   layout_cellular_growth, elwin_shoals_entry_rocks,
          minmay_snake_entry_guardpost_small, grunt_megastairs_5, uniq_snorg

Notes
Turn   | Place    | Note
-------+----------+-------------------------------------------
     0 | D:1      | Sobieck the Ogre Gladiator began the quest for the Orb.
     0 | D:1      | Reached XP level 1. HP: 22/22 MP: 1/1
   110 | D:1      | Reached skill level 3 in Maces & Flails
   133 | D:1      | Reached XP level 2. HP: 29/29 MP: 2/2
   414 | D:1      | Reached XP level 3. HP: 34/36 MP: 3/3
   674 | D:1      | You add the spells Olgreb's Toxic Radiance, Ozocubu's
                  | Refrigeration and Ignition to your library.
   804 | D:2      | Found Ereupp's Distillery.
   816 | D:2      | Bought a potion of brilliance for 56 gold pieces
   816 | D:2      | Bought a potion of curing for 42 gold pieces
   851 | D:1      | Reached skill level 4 in Maces & Flails
  1008 | D:2      | Found Veaby's Antique Weapon Shoppe.
  1069 | D:2      | Noticed Jessica
  1081 | D:2      | Killed Jessica
  1082 | D:2      | Reached XP level 4. HP: 44/44 MP: 4/4
  1390 | D:2      | Found Povvig's Magic Scroll Emporium.
  1391 | D:2      | Noticed Natasha
  1421 | D:2      | HP: 8/44 [Natasha (5)]
  1421 | D:2      | HP: 1/44 [Natasha/magic dart (7)]
  1422 | D:2      | Killed Natasha
  1423 | D:2      | Reached skill level 5 in Maces & Flails
  1423 | D:2      | Reached XP level 5. HP: 1/50 MP: 5/5
  1611 | D:2      | Bought a scroll of identify for 28 gold pieces
  1646 | D:2      | You add the spells Gell's Gravitas, Teleport Other and
                  | Dispersal to your library.
  1671 | D:2      | Found Yffaodgho's General Store.
  1729 | D:2      | Found Zassong's Armour Boutique.
  1745 | D:2      | Noticed Natasha
  1757 | D:2      | Killed Natasha
  1758 | D:2      | Reached skill level 3 in Fighting
  2038 | D:2      | Noticed Sigmund
  2043 | D:2      | Noticed Natasha
  2218 | D:3      | Noticed Terence
  2256 | D:3      | Killed Terence
  2413 | D:3      | Reached skill level 4 in Fighting
  2413 | D:3      | Reached skill level 3 in Throwing
  2564 | D:3      | Reached XP level 6. HP: 30/62 MP: 6/6
  2779 | D:3      | Noticed a fire elemental
  2782 | D:3      | Found a stormy altar of Qazlal.
  2785 | D:3      | Noticed an air elemental
  2785 | D:3      | Noticed a water elemental
  2811 | D:3      | HP: 15/62 [poisoned by a goblin]
  3045 | D:2      | Bought a glowing whip for 148 gold pieces
  3176 | D:3      | Found a bloodstained altar of Trog.
  3178 | D:3      | Noticed a wizard
  3182 | D:3      | Killed a wizard
  3613 | D:4      | Found a staircase to the Ecumenical Temple.
  3619 | Temple   | Entered the Ecumenical Temple
  3736 | Temple   | Reached skill level 5 in Fighting
  3877 | D:4      | Reached skill level 4 in Throwing
  3974 | D:4      | Reached XP level 7. HP: 74/74 MP: 7/7
  4173 | D:4      | You fall into a shaft and drop 3 floors!
  4195 | D:7      | Found a hazy altar of Hepliaklqana.
  4218 | D:7      | Reached skill level 6 in Fighting
  4268 | D:7      | Found a faded altar of an unknown god.
  4308 | D:7      | Reached skill level 5 in Throwing
  4474 | D:7      | Noticed a steam dragon
  4494 | D:7      | Killed a steam dragon
  4626 | D:7      | Reached skill level 6 in Throwing
  4628 | D:7      | HP: 16/75 [gnoll/+2 halberd of protection[a gnoll bouda]
                  | (5)]
  4847 | D:6      | Reached skill level 3 in Dodging
  4931 | D:5      | Entered Level 5 of the Dungeon
  4937 | D:6      | Reached XP level 8. HP: 76/84 MP: 8/8
  5381 | D:4      | Reached skill level 7 in Fighting
  5837 | D:4      | Reached skill level 4 in Dodging
  6313 | D:5      | You pick up a book of Callings and begin reading...
  6313 | D:5      | You add the spells Summon Small Mammal, Call Canine
                  | Familiar and Summon Guardian Golem to your library.
  6338 | D:5      | Reached skill level 8 in Fighting
  6536 | D:5      | Identified the +2 pair of boots of the Unbroken {rN+ Dex+3}
  6565 | D:5      | Reached skill level 5 in Dodging
  6614 | D:5      | Found a snail-covered altar of Cheibriados.
  6910 | D:5      | Reached skill level 9 in Fighting
  6954 | D:5      | Reached XP level 9. HP: 100/100 MP: 9/9
  7126 | D:6      | Reached skill level 10 in Fighting
  7930 | D:7      | Reached skill level 11 in Fighting
  8006 | D:7      | Found an iron altar of Okawaru.
  8021 | D:7      | Became a worshipper of Warmaster Okawaru
  8695 | D:8      | Found a radiant altar of Vehumet.
  8852 | D:2      | Killed Sigmund
  8852 | D:2      | Reached * piety under Okawaru
  8916 | D:2      | Killed Natasha
  9095 | D:8      | Found a burning altar of Makhleb.
  9350 | D:8      | Found a broken altar of Ashenzari.
  9504 | D:8      | Noticed a komodo dragon
  9519 | D:8      | Killed a komodo dragon
  9520 | D:8      | Reached skill level 6 in Maces & Flails
  9520 | D:8      | Reached skill level 7 in Throwing
  9520 | D:8      | Reached skill level 1 in Invocations
  9521 | D:8      | Reached skill level 12 in Fighting
  9525 | D:8      | Reached XP level 10. HP: 115/115 MP: 8/11
  9607 | D:8      | Paralysed by a hornet for 2 turns
  9613 | D:8      | Reached skill level 2 in Invocations
  9898 | D:8      | Reached ** piety under Okawaru
 10039 | D:8      | Found a staircase to the Lair.
 10169 | D:8      | Found a shimmering altar of Xom.
 10195 | D:8      | Reached skill level 3 in Invocations
 10547 | D:9      | Found a blossoming altar of Fedhas.
 10574 | D:9      | Paralysed by a hornet for 1 turns
 10827 | D:9      | Reached skill level 8 in Throwing
 10827 | D:9      | Reached skill level 4 in Invocations
 10900 | D:9      | Found an ornate altar of the Wu Jian Council.
 11183 | D:9      | You pick up a book of Iron and begin reading...
 11183 | D:9      | You add the spells Blade Hands and Iron Shot to your
                  | library.
 11510 | D:10     | Entered Level 10 of the Dungeon
 11518 | D:10     | Reached skill level 7 in Maces & Flails
 11532 | D:10     | Found Buxigec's Lightly-Used Armoury.
 11565 | D:10     | Killed an unseen horror
 11565 | D:10     | Reached *** piety under Okawaru
 11684 | D:10     | Noticed an orc knight
 11684 | D:10     | Noticed a tengu warrior
 11685 | D:10     | Noticed a centaur warrior
 11705 | D:9      | HP: 22/118 [orc knight/+0 war axe (8)]
 11706 | D:9      | Killed an orc knight
 11707 | D:9      | Reached skill level 13 in Fighting
 12013 | Lair:1   | Entered Level 1 of the Lair of Beasts
 12227 | Lair:1   | Noticed a cane toad
 12246 | D:8      | Killed a cane toad
 12247 | D:8      | Reached skill level 5 in Invocations
 12247 | D:8      | Reached XP level 11. HP: 118/127 MP: 14/14
 12558 | Lair:1   | Reached **** piety under Okawaru
 12559 | Lair:1   | Reached skill level 1 in Shields
 12791 | Lair:1   | Reached skill level 2 in Shields
 13210 | Lair:1   | Reached skill level 9 in Throwing
 13210 | Lair:1   | Reached skill level 6 in Invocations
 13544 | Lair:2   | Reached skill level 8 in Maces & Flails
 13585 | Lair:2   | Reached ***** piety under Okawaru
 13586 | Lair:2   | Reached skill level 3 in Shields
 13816 | Lair:2   | Reached skill level 14 in Fighting
 14048 | Lair:2   | Identified the +0 chain mail of Meomys {rC+ Regen+}
 14333 | Lair:2   | Noticed a five-headed hydra
 14336 | Lair:2   | Killed a five-headed hydra
 14337 | Lair:2   | Reached skill level 4 in Shields
 14568 | Lair:3   | Identified the +4 giant club of Yphar {protect, SInv
                  | Stlth+} (Okawaru gifted it to you on level 3 of the Lair of
                  | Beasts)
 14568 | Lair:3   | Received a gift from Okawaru
 14790 | Lair:3   | Found a staircase to the Shoals.
 14800 | Lair:3   | Reached XP level 12. HP: 140/140 MP: 16/16
 15088 | Lair:3   | HP: 24/140 [naga/+0 war axe (22)]
 15090 | Lair:3   | HP: 5/140 [naga/+0 war axe (10)]
 15372 | Lair:3   | You pick up a book of Blood and begin reading...
 15372 | Lair:3   | You add the spells Sublimation of Blood and Wereblood to
                  | your library.
 15377 | Lair:3   | Found a staircase to the Snake Pit.
 15451 | Lair:3   | Reached skill level 5 in Shields
 15454 | Lair:3   | Reached skill level 10 in Throwing
 16187 | Lair:3   | Noticed Snorg
 16204 | Lair:3   | HP: 34/140 [Snorg (13)]
 16205 | Lair:3   | HP: 5/140 [Snorg (14)]
 16206 | Lair:3   | Mangled by Snorg

Vanquished Creatures
  A hydra (Lair:2)
  An orc knight (D:9)
  3 black mambas
  5 cane toads
  An unseen horror (D:10)
  2 rime drakes (Lair:2)
  2 komodo dragons
  A polar bear (Lair:1)
  2 hornets
  3 blink frogs (Lair:1)
  Sigmund (D:2)
  4 wyverns
  17 yaks
  2 basilisks (Lair:3)
  2 steam dragons
  4 nagas (Lair:3)
  6 water moccasins
  A black bear (Lair:1)
  A sky beast (D:7)
  2 ice beasts (D:7)
  2 orc warriors
  An ogre (D:4)
  6 centaurs
  2 phantoms
  10 wolves
  2 kobold brigands
  A necrophage (D:5)
  8 bullfrogs
  A gnoll sergeant (D:8)
  2 scorpions
  11 killer bees
  3 howler monkeys (D:9)
  4 crimson imps (D:8)
  5 jellies
  4 orc priests
  A gnoll bouda (D:7)
  5 hounds
  Terence (D:3)
  Jessica (D:2)
  5 iguanas
  7 orc wizards
  Natasha (thrice) (D:2)
  21 gnolls
  6 adders
  A white imp (D:7)
  An ufetubus (D:5)
  2 worms
  2 dart slugs
  27 orcs
  7 ball pythons
  4 bats
  5 endoplasms
  6 giant cockroaches
  12 goblins
  15 hobgoblins
  3 quokkas
  2 frilled lizards
  44 kobolds
  6 rats
310 creatures vanquished.

Vanquished Creatures (others)
  A wizard (D:3)
  An orc wizard (D:9)
  20 fungi
  15 plants
37 creatures vanquished.

Grand Total: 347 creatures vanquished

Table legend:
 A = Non-vault XP
 B = Vault XP
 C = Vault XP percentage of total XP
 D = Non-vault monster count
 E = Vault monster count
 F = Vault count percentage of total count
                 A         B        C        D         E       F
            +---------+---------+-------+---------+---------+-------
      Total |   19142 |    3062 |  13.8 |     238 |      73 |  23.5
            +---------+---------+-------+---------+---------+-------
        D:1 |      62 |       5 |   7.5 |      28 |       5 |  15.2
        D:2 |     131 |     245 |  65.2 |      21 |       3 |  12.5
        D:3 |      76 |      72 |  48.6 |      18 |       6 |  25.0
        D:4 |     237 |     248 |  51.1 |      12 |      41 |  77.4
        D:5 |     744 |       0 |   0.0 |      18 |       0 |   0.0
        D:6 |     473 |      36 |   7.1 |      19 |       1 |   5.0
        D:7 |    1269 |     121 |   8.7 |      27 |       1 |   3.6
        D:8 |    2098 |    1020 |  32.7 |      20 |       9 |  31.0
        D:9 |    1338 |     543 |  28.9 |      17 |       1 |   5.6
       D:10 |     489 |       0 |   0.0 |       2 |       0 |   0.0
     Temple |     168 |       1 |   0.6 |       5 |       1 |  16.7
     Lair:1 |    3676 |     153 |   4.0 |      18 |       1 |   5.3
     Lair:2 |    4117 |       0 |   0.0 |      16 |       0 |   0.0
     Lair:3 |    4264 |     618 |  12.7 |      17 |       4 |  19.0
            +---------+---------+-------+---------+---------+-------

Illustrated notes

Table legend:
 A = Kills in this place as a percentage of kills in entire the game.
 B = Kills by you in this place as a percentage of kills by you in the entire game.
 C = Kills by friends in this place as a percentage of kills by friends in the entire game.
 D = Other kills in this place as a percentage of other kills in the entire game.
 E = Experience gained in this place as a percentage of experience gained in the entire game.
 F = Experience gained in this place divided by the number of levels of this place that you have seen.
                   A       B       C       D       E      F
               +-------+-------+-------+-------+-------+----------------------
         Total | 100.0 | 100.0 |   N/A | 100.0 | 100.0 | 1586.0
       Dungeon |  80.1 |  80.0 |   N/A | 100.0 |  41.5 | 920.7
        Temple |   1.9 |   1.9 |   N/A |   0.0 |   0.8 | 169.0
          Lair |  18.0 |  18.1 |   N/A |   0.0 |  57.8 | 4276.0
               +-------+-------+-------+-------+-------+----------------------

Table legend: (Time is in decaauts)
 A = Elapsed time spent in this place.
 B = Non-inter-level travel time spent in this place.
 C = Inter-level travel time spent in this place.
 D = Time resting spent in this place.
 E = Time spent auto-exploring this place.
 F = Levels seen in this place.
 G = Mean time per level.
                   A        B        C        D        E       F      G
               +--------+--------+--------+--------+--------+-----+--------+
         Total |  16410 |  15673 |    737 |   4342 |   7770 |  14 | 1172.1 |
       Dungeon |  12180 |  11551 |    629 |   3161 |   5717 |  10 | 1218.0 |
        Temple |    215 |    205 |     10 |    122 |      0 |   1 |  215.0 |
          Lair |   4015 |   3917 |     98 |   1059 |   2053 |   3 | 1338.3 |
               +--------+--------+--------+--------+--------+-----+--------+

Top non-repeatable levels by time:
     D:7: 1741 daAuts
  Lair:3: 1672 daAuts
     D:3: 1530 daAuts
     D:8: 1418 daAuts
     D:4: 1395 daAuts
     D:6: 1330 daAuts
  Lair:1: 1325 daAuts
     D:9: 1294 daAuts
     D:1: 1292 daAuts
     D:2: 1107 daAuts
  Lair:2: 1017 daAuts
     D:5: 880 daAuts
  Temple: 215 daAuts
    D:10: 188 daAuts
